 Dungeon Crawl Stone Soup version 0.27-a0-909-g0721f309d1 (webtiles) character file.

Game seed: 17713364325461501339

72 DarkShadow the Covered (level 4, 0/40 HPs)
             Began as a Minotaur Fighter on Apr 8, 2021.
             Slain by Grinder (3 damage)
             ... on level 3 of the Dungeon.
             The game lasted 00:03:00 (1521 turns).

DarkShadow the Covered (Minotaur Fighter)           Turns: 1521, Time: 00:03:02

Health: 0/40       AC:  7    Str: 21    XL:     4   Next: 7%
Magic:  3/3        EV:  7    Int:  5    God:
Gold:   91         SH:  9    Dex: 10    Spells: 3/3 levels left

rFire    . . .     SeeInvis .   a - +0 war axe
rCold    . . .     Faith    .   c - +0 kite shield
rNeg     . . .     Spirit   .   b - +0 scale mail
rPois    .         Reflect  .   (helmet restricted)
rElec    .         Harm     .   (no cloak)
rCorr    .         Rampage  .   (no gloves)
Will     .....                  (no boots)
Stlth    ..........             (no amulet)
HPRegen  0.13/turn              (no ring)
MPRegen  0.08/turn              (no ring)

@: no status effects
A: horns 2, retaliatory headbutt
a: no special abilities


You were on level 3 of the Dungeon.
You visited 1 branch of the dungeon, and saw 3 of its levels.

You collected 91 gold pieces.

Inventory:

Hand Weapons
 a - a +0 war axe (weapon)
Armour
 b - a +0 scale mail (worn)
 c - a +0 kite shield (worn)
Scrolls
 e - 3 scrolls of identify {unknown}
 f - a scroll of holy word {unknown}
 g - a scroll of amnesia {unknown}
 h - a scroll of blinking {unknown}
 i - 4 scrolls of teleportation {unknown}
Potions
 d - a potion of might


   Skills:
 + Level 4.1 Fighting
 + Level 3.2 Axes
 + Level 4.4 Armour
 + Level 0.4 Dodging
 + Level 4.3 Shields


You had 3 spell levels left.
You didn't know any spells.
Your spell library contained the following spells:

 Spells                   Type           Power      Damage    Failure   Level
 Confusing Touch          Hex            0%         N/A       100%        3
 Gell's Gravitas          Tloc           0%         N/A       100%        3
 Petrify                  Tmut/Erth      0%         N/A       100%        4
 Metabolic Englaciation   Hex/Ice        0%         N/A       100%        5
 Yara's Violent Unravell  Hex/Tmut       0%         3d3       100%        5


Dungeon Overview and Level Annotations

Branches:
Dungeon (3/15)

Altars:
Zin

Annotations:
D:3 Grinder


Innate Abilities, Weirdness & Mutations

You have a pair of horns on your head.
You reflexively headbutt those who attack you in melee.


Message History

The frilled lizard bites you but does no damage.
The frilled lizard bites you.
You can move again.
You block Grinder's attack. The frilled lizard barely misses you.
You furiously retaliate!
You headbutt the frilled lizard.
You kill the frilled lizard!
You hit Grinder. You headbutt Grinder.
Grinder is moderately wounded.
Grinder gestures at you.
You shrug off the repeated paralysis!
Grinder hits you but does no damage.
Your scale mail prevents you from hitting Grinder.
Grinder is moderately wounded.
Grinder hits you but does no damage.
You slash Grinder! Your headbutt misses Grinder.
Grinder is heavily wounded.
You block Grinder's attack. Grinder barely misses you.
You closely miss Grinder.
Grinder is heavily wounded.
Grinder barely misses you.
You slash Grinder!
Grinder is almost dead.
You block Grinder's attack. Grinder hits you but does no damage.
You barely miss Grinder.
Grinder is severely wounded.
Grinder gestures at you.
You suddenly lose the ability to move!
Grinder gestures at you. You resist with significant effort.
Grinder barely misses you. Grinder hits you but does no damage.
Grinder hits you!
You writhe in agony.
Grinder hits you but does no damage.
You can move again.
You hit Grinder.
Grinder is almost dead.
Grinder gestures at you. Pain shoots through your body!
* * * LOW HITPOINT WARNING * * *
Grinder hits you.
You die...

. #. #.### ## ...# .
#.####### #.
#......<#
#.###.####....#
##..#.....###.....#
......5@.............
##.....†............#
#.#####.########...#
# #.# ≈≈≈# #># ...#
#.. ###


You could see Grinder.

Vanquished Creatures
  2 adders (D:2)
  2 dart slugs (D:1)
  5 ball pythons (D:1)
  2 bats
  7 endoplasms
  A giant cockroach (D:1)
  4 goblins (D:1)
  3 hobgoblins
  6 jackals (D:1)
  4 kobolds (D:1)
  A quokka (D:2)
  6 frilled lizards
  2 rats (D:2)
45 creatures vanquished.

Notes
Turn   | Place    | Note
-------+----------+-------------------------------------------
     0 | D:1      | DarkShadow the Minotaur Fighter began the quest for the
                  | Orb.
     0 | D:1      | Reached XP level 1. HP: 19/19 MP: 0/0
    36 | D:1      | Reached XP level 2. HP: 22/27 MP: 1/1
   445 | D:1      | Reached XP level 3. HP: 31/33 MP: 2/2
  1334 | D:2      | Reached XP level 4. HP: 40/40 MP: 3/3
  1388 | D:2      | Found a glowing silver altar of Zin.
  1497 | D:3      | Noticed Grinder
  1498 | D:3      | Paralysed by Grinder for 4 turns
  1503 | D:3      | Paralysed by Grinder for 6 turns
  1515 | D:3      | Paralysed by Grinder for 6 turns
  1521 | D:3      | Slain by Grinder

Illustrated notes

Levels and vault maps discovered:
D:1:      shiori_arrival_elements, layout_rooms, minmay_shallow_snake_nest
D:2:      layout_rooms, basic_altar
D:3:      minmay_recursive_quarters, layout_loops_ring,
          nicolae_overflow_hidden_temple, minitemple, serial_rivers,
          chequers_serial_rivers_large_b, chequers_serial_rivers_micro_d,
          chequers_serial_rivers_small_b, chequers_serial_rivers_room_a,
          chequers_serial_rivers_micro_b, minmay_distorted, uniq_grinder,
          uniq_robin, uniq_terence

Skill      XL: |  1  2  3 |
---------------+----------+-----
Shields        | 4 |  4.3
Armour         | 4 |  4.4
Fighting       | 4 |  4.1
Axes           | 3 |  3.2
Dodging        | |  0.4

Action                   |  1- 3 |  4- 6 || total
-------------------------+-------+-------++-------
Melee: War axe           |    82 |    16 ||    98
       Headbutt          |     7 |     2 ||     9
Armor: Scale mail        |    36 |     8 ||    44
Dodge: Dodged            |    26 |     5 ||    31
Block: Kite shield       |    60 |     6 ||    66

Table legend: (Time is in decaauts)
 A = Elapsed time spent in this place.
 B = Non-inter-level travel time spent in this place.
 C = Inter-level travel time spent in this place.
 D = Time resting spent in this place.
 E = Time spent auto-exploring this place.
 F = Levels seen in this place.
 G = Mean time per level.
                   A        B        C        D        E       F      G
               +--------+--------+--------+--------+--------+-----+--------+
         Total |   1577 |   1577 |      0 |    334 |    750 |   3 |  525.7 |
       Dungeon |   1577 |   1577 |      0 |    334 |    750 |   3 |  525.7 |
               +--------+--------+--------+--------+--------+-----+--------+

Top non-repeatable levels by time:
     D:1: 1158 daAuts
     D:2: 380 daAuts
     D:3: 38 daAuts
